 Dungeon Crawl Stone Soup version 0.30-a0-852-g08b95dd62f (webtiles) character file.

Game seed: 7018885964432598459

53 juan097 the Cudgeller (level 3, 0/33 HPs)
             Began as a Minotaur Berserker on Mar 4, 2023.
             Was a Believer of Trog.
             Succumbed to Crazy Yiuf's poison
             ... on level 2 of the Dungeon.
             The game lasted 00:02:10 (1810 turns).

juan097 the Cudgeller (Minotaur Berserker)          Turns: 1810, Time: 00:02:11

Health: 0/33       AC:  7    Str: 23    XL:     3   Next: 64%
Magic:  2/2        EV: 10    Int:  4    God:    Trog [**....]
Gold:   163        SH:  0    Dex:  9    Spells: 2/2 levels left

rFire   . . .      SeeInvis .    a - +0 mace
rCold   . . .      Faith    .    (no shield)
rNeg    . . .      Spirit   .    j - +0 scale mail
rPois   .          Reflect  .    (helmet restricted)
rElec   .          Rampage  .    (no cloak)
rCorr   .                        (no gloves)
Will    .....                    i - +0 pair of boots Stlth
                                 (no amulet)
HPRegen 0.25/turn                (no ring)
MPRegen 0.08/turn                (no ring)

@: lethally poisoned (0 -> -15)
A: horns 2, retaliatory headbutt
a: Renounce Religion, Berserk, Trog's Hand


You were on level 2 of the Dungeon.
You worshipped Trog.
Trog was pleased with you.
You visited 1 branch of the dungeon, and saw 2 of its levels.

You collected 163 gold pieces.

Inventory:

Hand Weapons
 a - a +0 mace (weapon)
Missiles
 d - 2 poisoned darts (quivered)
Armour
 b - a +0 animal skin
 i - a +0 pair of boots (worn)
 j - a +0 scale mail (worn)
Jewellery
 m - a +5 ring of evasion
Scrolls
 c - a scroll of identify {unknown}
 e - a scroll of fear {unknown}
 f - a scroll of immolation {unknown}
 h - 2 scrolls of noise {unknown}
 l - 2 scrolls of amnesia {unknown}
Potions
 g - a potion of heal wounds {unknown}
 k - a potion of resistance {unknown}


   Skills:
 - Level 4.0 Fighting
 + Level 5.4 Maces & Flails
 - Level 2.4 Armour
 - Level 2.1 Dodging


You had 2 spell levels left.
You didn't know any spells.
Your spell library was empty.

Dungeon Overview and Level Annotations

Branches:
Dungeon (2/15)

Altars:

Annotations:
D:2 Crazy Yiuf


Innate Abilities, Weirdness & Mutations

You have a pair of horns on your head.
You reflexively headbutt those who attack you in melee.


Message History

You kill the frilled lizard!
Trog accepts your kill.
No target in view!
No target in view!
No target in view!
No target in view!
No target in view!
No target in view!
No target in view!
No target in view!
You open the door.
There is an open door here.
Found a stone staircase leading down.
There is a stone staircase leading down here.
Found a hammer.
Found a runed translucent door.
Crazy Yiuf shouts!
There is a shaft here.
Found a stone staircase leading down.
You see here 2 stones.
You see here a +0 scale mail.
Crazy Yiuf shouts!
Press: ? - help, v - describe, . - travel
Here: Crazy Yiuf, wielding a +3 quarterstaff of chaos and wearing a +0 cloak (fire blocked by a runed translucent door)
The floor.
Unknown command.
You open the door.
Crazy Yiuf drinks a potion.
Crazy Yiuf seems to grow stronger.
Crazy Yiuf hits you with a +3 quarterstaff of chaos!
You are poisoned.
There is an open translucent door, spattered with blood here.
You hit Crazy Yiuf.
You headbutt Crazy Yiuf, but do no damage.
Crazy Yiuf is lightly wounded.
You feel very sick.
Crazy Yiuf says, "Buddy!"
Crazy Yiuf hits you with a +3 quarterstaff of chaos!
* * * LOW HITPOINT WARNING * * *
You hit Crazy Yiuf but do no damage.
Crazy Yiuf is lightly wounded.
You die...

..........##.##..####
...##....###.##.....##########
.........##..................#
...#...################......#
...#...# #......####
.......##♣♣♣♣♣ #..........
........#..♣.♣♣♣ #### #..........
#...........♣..♣#...# #...#######
#..#.......♣♣♣♣.@g..# ###.#
#..#....#.♣♣ ♣♣#..)# #.#
.......##♣♣ #### #.# #####
.......# ###.###.... #.##.#.#
#..........
.......##################.###.###
.....#.............#.## #.# #.#
..##.#.##..##.........# #.# #.#
..##.#.##..##......#..###.# #.#


You could see Crazy Yiuf (strong).

Vanquished Creatures
  An adder (D:2)
  6 bats
  An endoplasm (D:1)
  4 giant cockroaches (D:2)
  5 goblins (D:1)
  7 hobgoblins
  A quokka (D:1)
  5 ball pythons
  5 frilled lizards
  2 kobolds (D:1)
  4 rats
41 creatures vanquished.

Notes
Turn   | Place    | Note
-------+----------+-------------------------------------------
     0 | D:1      | juan097 the Minotaur Berserker began the quest for the Orb.
     0 | D:1      | Reached XP level 1. HP: 19/19 MP: 0/0
    39 | D:1      | Found a faded altar of an unknown god.
    40 | D:1      | Noticed a floating eye
    47 | D:1      | Noticed a floating eye
    50 | D:1      | Noticed a floating eye
    50 | D:1      | Noticed a golden eye
   202 | D:1      | Reached skill level 4 in Maces & Flails
   204 | D:1      | Reached XP level 2. HP: 21/27 MP: 1/1
   631 | D:1      | Reached ** piety under Trog
   959 | D:2      | Reached XP level 3. HP: 33/33 MP: 2/2
  1118 | D:2      | Reached skill level 5 in Maces & Flails
  1607 | D:2      | Found a runed translucent door.
  1608 | D:2      | Noticed Crazy Yiuf
  1810 | D:2      | Succumbed to Crazy Yiuf's poison

Illustrated notes

Levels and vault maps discovered:
D:1:      lemuel_arrival_room, layout_basic,
          hellmonk_ecumenical_altar_watching_god, chequers_serial_rivers_room_a,
          minmay_tetromino_l4
D:2:      layout_basic, kennysheep_cross_bottleneck, uniq_crazy_yiuf_cottage

Skill      XL: |  1  2  3 |
---------------+----------+-----
Fighting       | 4 |  4.0
Maces & Flails | 4 5 |  5.4
Armour         | |  2.4
Dodging        | |  2.1

Action                     || total
---------------------------++-------
  Melee: Mace              ||    94
         Headbutt          ||     6
         Punch             ||     2
  Throw: Dart              ||     1
 Armour: Animal skin       ||    10
         Scale mail        ||    31
  Dodge: Dodged            ||    72

Table legend: (Time is in decaauts)
 A = Elapsed time spent in this place.
 B = Non-inter-level travel time spent in this place.
 C = Inter-level travel time spent in this place.
 D = Time resting spent in this place.
 E = Time spent auto-exploring this place.
 F = Levels seen in this place.
 G = Mean time per level.
                   A        B        C        D        E       F      G
               +--------+--------+--------+--------+--------+-----+--------+
         Total |   1825 |   1794 |     31 |      0 |   1496 |   2 |  912.5 |
       Dungeon |   1825 |   1794 |     31 |      0 |   1496 |   2 |  912.5 |
               +--------+--------+--------+--------+--------+-----+--------+

Top non-repeatable levels by time:
     D:1: 956 daAuts
     D:2: 869 daAuts
